Map: Glittering Ashes LE

Players

Serral - Winner!

  • Race: Zerg Zerg

DPGrogue (Rogue)

  • Race: Zerg Zerg

Event: TSL 8

VOD

Have the link to the VOD?

Description

Time

  • Played on: Dec. 12, 2021, 10:52 a.m.
  • Length: 3:49

All games in this series

Show
View Real Time Build Order
Export as new Build Order

Serral Zerg - Winner!

Build Orders: Hatch First 

Get SALT Encoding   

  12  0:00  Drone  
  13  0:12  Overlord  
  13  0:20  Drone  
  14  0:30  Drone x2  
  16  0:48  Hatchery  
  15  0:51  Drone  
  15  0:54  Drone  
  17  1:08  Spawning Pool  
  16  1:11  Extractor  
  16  1:13  Drone  
  16  1:17  Drone  
  17  1:20  Drone  
  18  1:27  Drone  
  19  1:38  Drone  
  20  1:55  Queen  
  20  2:00  Queen  
  20  2:01  Zergling x6  
  27  2:12  Zergling x2  
  27  2:32  Zergling x4  
  27  2:42  Zergling x2  
  28  2:58  Zergling x6  
Show
View Real Time Build Order
Export as new Build Order

DPGrogue Zerg 

Build Orders: Pool Only 

Get SALT Encoding   

  12  0:17  Spawning Pool  
  11  0:21  Drone  
  11  0:26  Drone  
  13  0:30  Drone  
  14  0:39  Overlord  
  14  1:03  Zergling x4  
  16  1:05  Zergling x2  
  17  1:15  Zergling x2  
  18  1:27  Zergling x2  
  19  1:38  Zergling x2  
  20  1:48  Zergling x2  
  21  2:04  Spine Crawler x2  
  21  2:05  Spine Crawler  
  18  2:11  Zergling x2  
  18  2:30  Zergling x2  
  15  2:43  Zergling x2  
  13  3:02  Zergling x2  
Tags
 
Add a new tag
Caveats
  • Supply blocks, unpowered buildings, or Contaminate may cause inaccurate times.
  • Supply counts are checked every 10 seconds.